 Dungeon Crawl Stone Soup version 0.29.1-13-g9f3cf754e1 (webtiles) character file.

Game seed: 1552414732188661002

99610 Peloso the Fencer (level 15, -1/145 HPs)
             Began as a Minotaur Fighter on Jan 30, 2023.
             Was the Champion of Okawaru.
             Killed from afar by a starcursed mass (12 damage)
             ... with an accursed screaming
             ... on level 2 of the Abyss.
             The game lasted 01:11:01 (31972 turns).

Peloso the Fencer (Minotaur Fighter)               Turns: 31972, Time: 01:11:02

Health: -1/145     AC: 32    Str: 26    XL:     15   Next: 78%
Magic:  16/16      EV: 10    Int:  5    God:    Okawaru [******]
Gold:   1453       SH: 15    Dex: 12    Spells: 14/14 levels left

rFire   x . .      SeeInvis .   a - +7 double sword (elec)
rCold   . . .      Faith    .   d - +2 kite shield {AC+3}
rNeg    . . .      Spirit   .   m - +8 chain mail of Ruaj {rElec rF- Regen+ Stlth+}
rPois   .          Reflect  .   (helmet restricted)
rElec   +          Harm     .   (no cloak)
rCorr   +          Rampage  .   u - +2 pair of gloves
Will    +....                   r - +2 pair of boots {Fly}
Stlth   ..........              G - amulet of regeneration
HPRegen 0.00/turn               s - ring of resist corrosion
MPRegen 0.15/turn               F - +4 ring of slaying

@: sick, flying
A: horns 2, retaliatory headbutt
a: Renounce Religion, Heroism, Finesse, Duel


You were on level 2 of the Abyss.
You worshipped Okawaru.
Okawaru was exalted by your worship.
You visited 4 branches of the dungeon, and saw 23 of its levels.
You visited the Abyss 1 time.
You also visited: Ossuary, Bailey and Ice Cave.

You collected 3680 gold pieces.
You spent 2227 gold pieces at shops.

Inventory:

Hand Weapons
 a - a +7 double sword of electrocution (weapon)
 b - a +2 scimitar of flaming
 c - a +3 scimitar
Armour
 d - a +2 kite shield of protection (worn)
 e - the +0 crystal plate armour of Heitein {rElec MP+9 Str+5}
   (You found it in an ice cave)

   Str:       It affects your strength (+5).
   rElec:     It insulates you from electricity.
   MP:        It affects your magic capacity (+9).
 h - the +3 plate armour of Qitacvaf {+Inv}
   (You bought it in a shop on level 2 of the Orcish Mines)

   +Inv:      It lets you turn invisible.
 m - the +8 chain mail of Ruaj (worn) {rElec rF- Regen+ Stlth+}
   (You bought it in a shop on level 2 of the Orcish Mines)

   rF:        It makes you vulnerable to fire.
   rElec:     It insulates you from electricity.
   Regen:     It increases your rate of health regeneration.
   Stlth:     It makes you more stealthy.
 o - a +0 cloak of stealth
 r - a +2 pair of boots of flying (worn)
 u - a +2 pair of gloves (worn)
 A - the +0 pair of boots of Xekkof {Dex+4}
   (Okawaru gifted it to you on level 5 of the Lair of Beasts)

   Dex:       It affects your dexterity (+4).
Jewellery
 f - a +6 ring of dexterity
 q - a ring of magical power
 s - a ring of resist corrosion (left hand)
 w - a ring of protection from cold
 z - an amulet of reflection
 E - a ring of protection from fire
 F - a +4 ring of slaying (right hand)
 G - an amulet of regeneration (around neck)
 K - a ring of ice
 S - a ring of willpower
Wands
 D - a wand of roots (5)
 P - a wand of flame (42)
 T - a wand of digging (13)
Scrolls
 i - 14 scrolls of teleportation
 p - a scroll of fog
 t - a scroll of enchant weapon
 v - 2 scrolls of brand weapon
 y - 2 scrolls of enchant armour
 B - a scroll of noise
 C - 2 scrolls of identify
 I - a scroll of acquirement
 J - 2 scrolls of amnesia {unknown}
 L - 3 scrolls of poison
 O - 6 scrolls of immolation
 U - a scroll of summoning {unknown}
 W - 3 scrolls of magic mapping
 Z - a scroll of fear
Potions
 g - a potion of invisibility
 j - a potion of haste
 k - 5 potions of might
 l - 2 potions of berserk rage
 x - 3 potions of mutation {unknown}
 H - 4 potions of degeneration {unknown}
 M - 2 potions of cancellation {unknown}
 V - a potion of resistance {unknown}
 X - 2 potions of curing
 Y - 3 potions of heal wounds
Miscellaneous
 n - a lightning rod (4/4)


   Skills:
 + Level 16.5 Fighting
 + Level 17.9 Long Blades
 + Level 16.8 Armour
 + Level 5.7 Dodging
 + Level 4.2 Stealth
 + Level 15.4 Shields
 + Level 0.7 Unarmed Combat
 + Level 3.8 Invocations
 + Level 1.3 Evocations


You had 14 spell levels left.
You didn't know any spells.
Your spell library contained the following spells:

 Spells                   Type           Power      Damage    Failure   Level
 Necrotise                Necr           0%         1d4       97%         1
 Slow                     Hex            0%         N/A       97%         1
 Sting                    Tmut/Pois      0%         1d3       97%         1
 Poisonous Vapours        Pois/Air       0%         N/A       99%         2
 Static Discharge         Conj/Air       0%         3-3/arc   99%         2
 Confusing Touch          Hex            0%         N/A       100%        3
 Gell's Gravitas          Tloc           0%         N/A       100%        3
 Lesser Beckoning         Tloc           0%         N/A       100%        3
 Stone Arrow              Conj/Erth      0%         3d7       100%        3
 Teleport Other           Tloc           0%         N/A       100%        3
 Vampiric Draining        Necr           0%         2d6       100%        3
 Dispel Undead            Necr           0%         3d6       100%        4
 Olgreb's Toxic Radiance  Pois           0%         N/A       100%        4
 Sticky Flame             Conj/Fire      0%         2d3       100%        4
 Agony                    Necr           0%         N/A       100%        5
 Alistair's Intoxication  Tmut/Pois      0%         N/A       100%        5
 Blade Hands              Tmut           0%         N/A       100%        5
 Borgnjor's Vile Clutch   Necr/Erth      0%         N/A       100%        5
 Eringya's Noxious Bog    Tmut/Pois      0%         N/A       100%        6
 Iron Shot                Conj/Erth      0%         9d1       100%        6
 Lehudib's Crystal Spear  Conj/Erth      0%         10d2      100%        8
 Summon Small Mammal      Summ           Unusable   N/A       N/A         1
 Call Canine Familiar     Summ           Unusable   N/A       N/A         3
 Summon Guardian Golem    Hex/Summ       Unusable   N/A       N/A         3
 Animate Armour           Summ/Erth      Unusable   N/A       N/A         4

Dungeon Overview and Level Annotations

Branches:
Dungeon (15/15)            Temple (1/1) D:5            Lair (5/5) D:11
 Shoals (0/4) Lair:3       Spider (0/4) Lair:3        Slime (0/5) Lair:5
    Orc (2/2) D:9             Elf (0/3) Orc:2        Vaults (0/5) D:13
Ossuary (visited)          Bailey (visited)           IceCv (visited)
 Depths: D:15

Altars:
Ashenzari
Cheibriados
Dithmenos
Elyvilon
Fedhas
Gozag
Hepliaklqana
Kikubaaqudgha
Makhleb
Nemelex Xobeh
Okawaru
Qazlal
Ru
Sif Muna
Trog
Uskayaw
Vehumet
Wu Jian
Xom
Yredelemnul
Zin
The Shining One
Jiyva

Shops:
D:6 *   D:9 [   D:10 **   Orc:2 [[(

Annotations:
D:14 Louise
Lair:2 Casa


Innate Abilities, Weirdness & Mutations

You have a pair of horns on your head.
You reflexively headbutt those who attack you in melee.


Message History

The starcursed mass touches you but does no damage. x2
Unknown command.
You hit the starcursed mass.
The starcursed mass is heavily damaged.
The starcursed mass shudders and is absorbed by its neighbour.
A neqoxec comes into view.
A deafening chorus of shrieks assaults your mind!
* * * LOW HITPOINT WARNING * * *
Unknown command.
The neqoxec shouts!
You slice the starcursed mass!!
Lightning courses through the starcursed mass!!
You destroy the starcursed mass!
Okawaru accepts your kill. You block the starcursed mass's attack.
The starcursed mass barely misses you.
The starcursed mass completely misses you.
A starcursed mass splits.
You completely miss the starcursed mass.
You headbutt the starcursed mass, but do no damage.
The starcursed mass is severely damaged.
The starcursed mass touches you but does no damage.
The starcursed mass touches you.
* * * LOW HITPOINT WARNING * * *
A starcursed mass splits.
A deafening chorus of shrieks assaults your mind!
* * * LOW HITPOINT WARNING * * *
You shrug off the repeated paralysis!
You block the starcursed mass's attack.
The starcursed mass touches you but does no damage.
Unknown command.
Okay, then.
Unknown command.
The starcursed mass attacks as you move away!
The starcursed mass barely misses you. You furiously retaliate!
You headbutt the starcursed mass!
The starcursed mass shudders and is absorbed by its neighbour.
The starcursed mass touches you but does no damage.
The neqoxec gestures at you.
Something tries to feed on your intellect!
A deafening chorus of shrieks assaults your mind!
You die...

..#.#.# . ...#### # ..
....##. ##.# #.....
#..# #.... .... .. ..
.$ #...##..## .##.. ..
.#.###.X.##..##..##. .
...3..X.XX......... .
.. ........X@........
..#.
.##..##.X##..##..##...
# . #. #..##..## .
.... ............... .
.# ## .. ........
.......... X
#..##..##. ##..##...
.# #.. #..##.. ..##. .
... ..... . ... ...
..# . .. .... .. . . .
#


You could see 6 starcursed masses and a neqoxec.

Vanquished Creatures
  Rupert (D:13)
  A frost giant (IceCv)
  An orc warlord (Orc:1)
  The ghost of kalagan the Thaumaturge, a journeyman DECj of Sif Muna (Lair:1)
  Snorg (Lair:5)
  The ghost of peterlawrence the Warrior, a journeyman MiFi of Okawaru (Lair:1)
  The ghost of peterlawrence the Basher, a journeyman MiFi of Okawaru (D:10)
  The ghost of enclume the Protected, a journeyman MiFi of Trog (D:10)
  Josephine (D:10)
  2 boulder beetles
  8 hydras
  The ghost of duchin the Nimble, a journeyman MfWn of Nemelex Xobeh (D:9)
  The ghost of vvl the Nimble, a journeyman DsFi of Kikubaaqudgha (D:10)
  Erica (D:10)
  The ghost of tykejmi the Grappler, a journeyman DrTm of Sif Muna (D:10)
  3 catoblepae (Lair:5)
  The ghost of tykejmi the Grappler, a novice TrBe of Trog (Lair:1)
  7 two-headed ogres
  4 centaur warriors
  21 death yaks
  A vampire mage (Abyss:2)
  A tengu warrior (D:7)
  The ghost of MinkTDR the Covert, a journeyman KoEn (D:10)
  2 orc high priests (Orc:2)
  Urug (Lair:4)
  Lodul (D:13)
  3 skeletal warriors (D:12)
  A phantasmal warrior (D:13)
  A deep elf pyromancer (D:14)
  5 orc knights
  5 lindwurms
  8 ugly things
  4 cyclopes
  5 manticores
  8 slime creatures
  4 orc sorcerers
  An ice statue (IceCv)
  A gargoyle (D:7)
  2 black mambas
  A torpor snail (Lair:5)
  8 cane toads
  3 komodo dragons
  An unseen horror (D:11)
  3 rime drakes
  An ancient zyme (Abyss:2)
  12 polar bears (IceCv)
  A hornet (D:8)
  7 trolls
  Grinder (D:5)
  A snapping turtle (Lair:3)
  11 dream sheep (Lair:5)
  12 blink frogs
  3 shadows
  A spriggan (Lair:1)
  A vampire (D:7)
  2 wyverns
  4 culicivoras (Lair:3)
  8 wraiths
  55 yaks
  2 steam dragons
  4 basilisks
  Grum (Lair:1)
  9 vampire mosquitoes
  Menkaure (D:4)
  6 wargs
  3 acid dragons
  10 water moccasins
  42 orc warriors
  3 ice beasts (D:9)
  4 sky beasts (D:7)
  11 ogres
  3 boggarts (D:14)
  10 centaurs
  23 wolves
  4 kobold brigands
  A phantom (D:7)
  An elf zombie (Ossuary)
  Blork the orc (D:5)
  A scorpion (D:3)
  8 bullfrogs
  An elf skeleton (D:7)
  2 gnoll sergeants
  6 wights
  10 killer bees (D:9)
  A howler monkey (D:6)
  2 electric eels (Lair:3)
  A centaur zombie (Ossuary)
  2 starcursed masses (Abyss:2)
  5 hounds
  5 jellies
  21 orc priests
  A gnoll bouda (D:8)
  2 human zombies
  Ijyb (D:5)
  2 human skeletons (D:7)
  5 iguanas
  21 orc wizards
  A polar bear simulacrum (Lair:1)
  A centaur simulacrum (D:9)
  3 hound zombies (Ossuary)
  3 mummies (Ossuary)
  18 gnolls
  3 adders (D:5)
  3 shadow imps
  7 white imps
  A howler monkey simulacrum (D:9)
  An ufetubus (D:7)
  2 adder zombies (Ossuary)
  4 worms
  3 dart slugs
  87 orcs
  9 ball pythons
  10 endoplasms
  A giant cockroach (D:2)
  8 goblins
  6 hobgoblins
  34 kobolds
  6 quokkas
  5 bats
  4 frilled lizards
  A gnoll zombie (Ossuary)
  3 goblin zombies (Ossuary)
  3 hobgoblin zombies (Ossuary)
  7 jackal zombies (Ossuary)
  2 kobold zombies (Ossuary)
  An orc skeleton (D:7)
  An orc zombie (D:7)
  8 quokka zombies (Ossuary)
  6 rats
  3 rat zombies (Ossuary)
741 creatures vanquished.

Vanquished Creatures (others)
  Nessos (Orc:2)
  An orc (Orc:1)
  12 fungi
  20 plants
34 creatures vanquished.

Grand Total: 775 creatures vanquished

Notes
Turn   | Place    | Note
-------+----------+-------------------------------------------
     0 | D:1      | Peloso the Minotaur Fighter began the quest for the Orb.
     0 | D:1      | Reached XP level 1. HP: 19/19 MP: 0/0
   378 | D:1      | Found a faded altar of an unknown god.
   527 | D:1      | Reached XP level 2. HP: 23/27 MP: 1/1
  1238 | D:2      | Reached XP level 3. HP: 33/33 MP: 2/2
  1648 | D:2      | Reached skill level 3 in Long Blades
  2080 | D:3      | Noticed a scorpion
  2088 | D:3      | Killed a scorpion
  2089 | D:3      | Reached skill level 4 in Long Blades
  2089 | D:3      | Reached XP level 4. HP: 39/40 MP: 3/3
  2535 | D:3      | Found a snail-covered altar of Cheibriados.
  2650 | D:4      | Reached skill level 5 in Armour
  2768 | D:4      | Reached XP level 5. HP: 33/46 MP: 4/4
  2944 | D:4      | Noticed Menkaure
  2950 | D:4      | Killed Menkaure
  2951 | D:4      | Reached skill level 5 in Long Blades
  3229 | D:4      | Reached XP level 6. HP: 53/53 MP: 5/5
  3594 | D:5      | Entered Level 5 of the Dungeon
  3931 | D:5      | Noticed a shadow
  3950 | D:5      | Killed a shadow
  3951 | D:5      | Reached skill level 6 in Long Blades
  4184 | D:5      | Reached XP level 7. HP: 50/60 MP: 6/6
  4265 | D:5      | Found a staircase to the Ecumenical Temple.
  4278 | D:5      | Noticed Ijyb
  4288 | Temple   | Entered the Ecumenical Temple
  4288 | Temple   | Found a transporter.
  4288 | Temple   | Found a transporter.
  4290 | Temple   | Found a transporter.
  4290 | Temple   | Found a transporter.
  4367 | D:5      | Killed Ijyb
  4676 | D:5      | Reached skill level 1 in Dodging
  4941 | D:5      | Noticed Grinder
  4959 | D:5      | Killed Grinder
  4960 | D:5      | Reached skill level 5 in Fighting
  4960 | D:5      | Reached skill level 7 in Long Blades
  4960 | D:5      | Reached skill level 1 in Stealth
  5035 | D:5      | Noticed Blork the orc
  5047 | D:5      | Killed Blork the orc
  5434 | D:6      | Noticed a steam dragon
  5539 | D:5      | Killed a steam dragon
  5540 | D:5      | Reached XP level 8. HP: 31/68 MP: 7/7
  5731 | D:6      | Identified the +6 chain mail "Xotimihush" {rPois rN+ Str-5
                  | Dex+2}
  6049 | D:6      | Found a shimmering blue altar of Sif Muna.
  6295 | D:6      | Found Plog's Assorted Antiques.
  6303 | D:6      | Bought a metallic emerald potion for 27 gold pieces
  6423 | D:6      | Found a shadowy altar of Dithmenos.
  6425 | D:6      | Found a broken altar of Ashenzari.
  6430 | D:6      | Found a stormy altar of Qazlal.
  6433 | D:6      | Found a hazy altar of Hepliaklqana.
  6433 | D:6      | Found a sacrificial altar of Ru.
  6437 | D:6      | Found a blossoming altar of Fedhas.
  6441 | D:6      | Found an iron altar of Okawaru.
  6449 | D:6      | Became a worshipper of Warmaster Okawaru
  6618 | D:7      | Reached skill level 8 in Long Blades
  6788 | D:7      | Found a sand-covered staircase.
  6793 | Ossuary  | Entered an ossuary
  7624 | Ossuary  | Identified a scroll of acquirement
  7729 | D:7      | Reached skill level 5 in Shields
  7762 | D:8      | Reached * piety under Okawaru
  7763 | D:8      | Reached skill level 9 in Long Blades
  7763 | D:8      | Reached XP level 9. HP: 63/77 MP: 8/8
  7795 | D:8      | Reached skill level 10 in Long Blades
  7857 | D:8      | Found a flagged portal.
  7859 | D:8      | Found a white marble altar of Elyvilon.
  7880 | D:8      | Paralysed by a hornet for 1 turns
  7888 | D:8      | Paralysed by a hornet for 2 turns
  7889 | D:8      | HP: 2/79 [hornet (12)]
  7895 | D:8      | Paralysed by a hornet for 2 turns
  7963 | D:8      | Identified the +3 leather armour of Melancholy {rF++ Dex+2
                  | Stlth-}
  8128 | Bailey   | Entered a bailey
  8135 | Bailey   | Noticed an orc knight
  8682 | Bailey   | Killed an orc knight
  8682 | Bailey   | Reached ** piety under Okawaru
  8830 | Bailey   | Noticed an orc knight
  8841 | Bailey   | Killed an orc knight
  8842 | Bailey   | Reached skill level 11 in Long Blades
  8842 | Bailey   | Reached XP level 10. HP: 88/88 MP: 6/9
  8864 | Bailey   | Reached skill level 1 in Evocations
  9078 | D:8      | Reached *** piety under Okawaru
  9715 | D:8      | Found a bloodstained altar of Trog.
  9978 | D:9      | Reached skill level 1 in Invocations
 10355 | D:9      | Found Yguugode's Antique Armour Shop.
 10363 | D:9      | Bought a faintly humming plate armour for 784 gold pieces
 10363 | D:9      | Identified the +1 plate armour "Noeromn" {Slay+2} (You
                  | bought it in a shop on level 9 of the Dungeon)
 10502 | D:9      | Noticed duchin's ghost (journeyman MfWn)
 10513 | D:9      | Found a runed translucent gate.
 10513 | D:9      | Found a runed translucent gate.
 10513 | D:9      | Found a runed translucent gate.
 10680 | D:9      | Found a staircase to the Orcish Mines.
 10814 | D:9      | Found a hide-covered altar of Uskayaw.
 10828 | D:9      | Found an ornate altar of the Wu Jian Council.
 11013 | D:10     | Entered Level 10 of the Dungeon
 11059 | D:10     | Reached skill level 10 in Armour
 11066 | D:10     | Reached **** piety under Okawaru
 11147 | D:10     | Found Buutymp's Lightly-Used Armoury.
 11218 | D:10     | Found Sefule's Island Escapes.
 11296 | D:10     | Found a runed translucent gate.
 11296 | D:10     | Found a runed translucent gate.
 11296 | D:10     | Found a runed translucent gate.
 11375 | D:10     | Noticed vvl's ghost (journeyman DsFi)
 11375 | D:10     | Noticed tykejmi's ghost (journeyman DrTm)
 11376 | D:10     | Noticed peterlawrence's ghost (journeyman MiFi)
 11376 | D:10     | Noticed MinkTDR's ghost (journeyman KoEn)
 11376 | D:10     | Noticed enclume's ghost (journeyman MiFi)
 11379 | D:10     | Noticed Erica
 11396 | D:10     | Reached skill level 12 in Long Blades
 11405 | D:10     | Killed Erica
 11646 | D:10     | Noticed Josephine
 11695 | D:10     | Killed Josephine
 11696 | D:10     | Reached XP level 11. HP: 42/95 MP: 7/10
 11997 | D:10     | Noticed a two-headed ogre
 12005 | D:10     | Killed a two-headed ogre
 12005 | D:10     | Received a gift from Okawaru
 12046 | D:10     | Noticed a two-headed ogre
 12050 | D:10     | Killed a two-headed ogre
 12050 | D:10     | Reached ***** piety under Okawaru
 12051 | D:10     | Reached skill level 13 in Long Blades
 12180 | D:11     | Found a staircase to the Lair.
 12784 | D:11     | Noticed a cyan ugly thing
 12792 | D:11     | Killed a cyan ugly thing
 13261 | Lair:1   | Entered Level 1 of the Lair of Beasts
 13261 | Lair:1   | Found a frozen archway.
 13272 | IceCv    | Entered an ice cave
 13395 | IceCv    | Noticed a death yak
 13402 | IceCv    | Noticed a death yak
 13413 | IceCv    | Noticed a death yak
 13423 | IceCv    | Killed a death yak
 13424 | IceCv    | Reached skill level 10 in Fighting
 13437 | IceCv    | HP: 1/99 [death yak (17)]
 13470 | IceCv    | Killed a death yak
 13471 | IceCv    | Reached skill level 14 in Long Blades
 13475 | IceCv    | Killed a death yak
 13908 | IceCv    | Received a gift from Okawaru
 13936 | IceCv    | Reached XP level 12. HP: 95/107 MP: 12/12
 14101 | IceCv    | Identified the +0 crystal plate armour of Heitein {rElec
                  | MP+9 Str+5}
 14237 | IceCv    | Noticed a death yak
 14237 | IceCv    | Noticed a frost giant
 14256 | IceCv    | Killed a death yak
 14265 | IceCv    | Killed a frost giant
 14276 | IceCv    | Reached ****** piety under Okawaru
 15513 | Lair:1   | Found a runed translucent gate.
 15515 | Lair:1   | Found a runed translucent gate.
 15515 | Lair:1   | Found a runed translucent gate.
 15561 | Lair:1   | Noticed kalagan's ghost (journeyman DECj)
 15561 | Lair:1   | Noticed peterlawrence's ghost (journeyman MiFi)
 15561 | Lair:1   | Noticed tykejmi's ghost (novice TrBe)
 15590 | Lair:1   | Noticed an eight-headed hydra
 15590 | Lair:1   | Noticed Grum
 15606 | Lair:1   | Reached skill level 15 in Long Blades
 15624 | Lair:1   | Killed a three-headed hydra
 15624 | Lair:1   | Identified the +5 ring mail of Reason {rF+ SInv} (Okawaru
                  | gifted it to you on level 1 of the Lair of Beasts)
 15624 | Lair:1   | Received a gift from Okawaru
 15632 | Lair:1   | Killed Grum
 15646 | Lair:1   | HP: 3/112 [blink frog (12)]
 16123 | Lair:1   | Noticed a seven-headed hydra
 16124 | Lair:1   | Noticed a five-headed hydra
 16128 | Lair:1   | Killed a three-headed hydra
 16138 | Lair:1   | Killed a one-headed hydra
 17295 | Lair:3   | Noticed a death yak
 17296 | Lair:3   | Noticed a death yak
 17296 | Lair:3   | Noticed a death yak
 17303 | Lair:3   | Noticed a death yak
 17311 | Lair:3   | Killed a death yak
 17312 | Lair:3   | Reached XP level 13. HP: 89/119 MP: 14/14
 17341 | Lair:3   | Reached skill level 10 in Shields
 17992 | Lair:3   | Found a staircase to the Shoals.
 18720 | Lair:3   | HP: 4/119 [culicivora (9)]
 18926 | Lair:3   | Identified the +0 ring mail of Telos {rElec rF- rCorr
                  | Int+7} (Okawaru gifted it to you on level 3 of the Lair of
                  | Beasts)
 18926 | Lair:3   | Received a gift from Okawaru
 19185 | Lair:3   | Found a hole to the Spider Nest.
 19826 | D:9      | Killed duchin's ghost
 19923 | Orc:1    | Entered Level 1 of the Orcish Mines
 21130 | Orc:1    | Reached skill level 16 in Long Blades
 22466 | D:7      | Reached skill level 15 in Armour
 22783 | D:7      | Received a gift from Okawaru
 23411 | D:12     | Reached XP level 14. HP: 111/132 MP: 15/15
 26145 | Orc:2    | Entered Level 2 of the Orcish Mines
 26535 | Orc:2    | Noticed Nessos
 26544 | Orc:2    | Killed Nessos
 26679 | Orc:2    | Found Siqoid's Weapon Boutique.
 26766 | Orc:2    | Found a staircase to the Elven Halls.
 26847 | Orc:2    | Found Gaothol's Antique Armour Shop.
 26872 | Orc:2    | Bought a twisted plate armour for 840 gold pieces
 26872 | Orc:2    | Identified the +3 plate armour of Qitacvaf {+Inv} (You
                  | bought it in a shop on level 2 of the Orcish Mines)
 26884 | Orc:2    | Bought a runed kite shield for 225 gold pieces
 27239 | Orc:2    | Noticed an orc warlord
 27286 | Orc:1    | Killed an orc warlord
 27570 | Orc:1    | Reached skill level 15 in Fighting
 27938 | Orc:2    | Found Tuenu's Antique Armour Emporium.
 27941 | Orc:2    | Found Liureis's Antique Weapon Shoppe.
 27953 | Orc:2    | Bought a crude chain mail for 351 gold pieces
 27953 | Orc:2    | Identified the +8 chain mail of Ruaj {rElec rF- Regen+
                  | Stlth+} (You bought it in a shop on level 2 of the Orcish
                  | Mines)
 28124 | D:10     | Killed vvl's ghost
 28138 | D:10     | Killed tykejmi's ghost
 28167 | D:10     | Killed peterlawrence's ghost
 28194 | D:10     | Killed enclume's ghost
 28203 | D:10     | Killed MinkTDR's ghost
 28203 | D:10     | Received a gift from Okawaru
 28500 | Lair:4   | Identified the +8 trident of the Changing Goat {elec, rN++
                  | Int+4} (Okawaru gifted it to you on level 4 of the Lair of
                  | Beasts)
 28500 | Lair:4   | Received a gift from Okawaru
 28581 | Lair:4   | Reached skill level 17 in Long Blades
 28740 | Lair:4   | Noticed Urug
 28757 | Lair:4   | Killed Urug
 29365 | Lair:5   | Entered Level 5 of the Lair of Beasts
 29436 | Lair:5   | Identified the +0 pair of boots of Xekkof {Dex+4} (Okawaru
                  | gifted it to you on level 5 of the Lair of Beasts)
 29436 | Lair:5   | Received a gift from Okawaru
 29546 | Lair:5   | Noticed Snorg
 29560 | Lair:5   | Killed Snorg
 29561 | Lair:5   | Reached skill level 5 in Dodging
 29561 | Lair:5   | Reached XP level 15. HP: 108/141 MP: 16/16
 29612 | Lair:5   | Found a staircase to the Slime Pits.
 29613 | Lair:5   | Found a viscous altar of Jiyva.
 30824 | Lair:1   | Killed kalagan's ghost
 30840 | Lair:1   | Killed peterlawrence's ghost
 30847 | Lair:1   | Killed tykejmi's ghost
 30947 | D:13     | Noticed Lodul
 30955 | D:13     | Identified the +4 triple sword of Equilibrium {vamp,
                  | *Corrode Will++ Str-5 SInv} (Okawaru gifted it to you on
                  | level 13 of the Dungeon)
 30955 | D:13     | Received a gift from Okawaru
 30962 | D:13     | Killed Lodul
 31030 | D:13     | Noticed Rupert
 31046 | D:13     | Killed Rupert
 31544 | D:13     | Found a gate to the Vaults.
 31549 | D:13     | Identified the +4 quarterstaff of Wyrd {spect, rC+ Int+4}
 31699 | D:14     | Reached skill level 15 in Shields
 31820 | D:14     | You are sucked into a shaft and drop 1 floor!
 31820 | D:15     | Entered Level 15 of the Dungeon
 31839 | D:14     | Received a gift from Okawaru
 31879 | D:14     | Noticed Louise
 31879 | Abyss:2  | Cast into level 2 of the Abyss (Louise)
 31961 | Abyss:2  | Paralysed by accursed screaming for 1 turns
 31966 | Abyss:2  | Paralysed by accursed screaming for 1 turns
 31972 | Abyss:2  | Killed from afar by a starcursed mass

Illustrated notes

Levels and vault maps discovered:
D:1:      ncdulo_watergridlock, layout_basic, shapermc_ecumenical_altar_gd,
          item_on_display_a
D:2:      minmay_evil_eye, layout_loops_cross, st_stairs_5, roderic_lattice_a,
          minmay_fountain_box, minmay_vboxes
D:3:      layout_basic, slow_altar_2
D:4:      nicolae_cairo_tiling_large_dashed, layout_loops_cross, st_stairs_13,
          uniq_menkaure
D:5:      layout_gridville, minmay_temple_entry_hall, uniq_ijyb, uniq_grinder,
          uniq_blork_the_orc
D:6:      layout_rooms, led_sif_book, nicolae_overflow_hallway_of_the_gods,
          serial_shops, shop
D:7:      nzn_winding_woodlands_stair_cross
          [nzn_winding_woodlands_5x15_lazy_stream,
          nzn_winding_woodlands_center_garden, nzn_winding_woodlands_5x15_twine,
          nzn_winding_woodlands_5x5_three,
          nzn_winding_woodlands_5x5_checkerboard,
          nzn_winding_woodlands_5x15_cabin,
          nzn_winding_woodlands_center_diamonds,
          nzn_winding_woodlands_5x15_sawtooth], layout_gridville,
          nicolae_ossuary_entry_catacombs
D:8:      layout_basic, lemuel_crystal_altar, lemuel_round_altar, enter_bailey_2
D:9:      layout_loops_ring, kennysheep_mini_moat,
          nicolae_wu_jian_immortal_techniques, orc_0_dummy, gammafunk_ghost_icy,
          serial_shops, shop
D:10:     layout_basic, gammafunk_ghost_cemetery, minivault_11,
          minmay_shop_damaged, nicolae_island_escapes, uniq_erica,
          uniq_josephine
D:11:     layout_roguey, lair_entry_dummy
D:12:     layout_layer_cave
D:13:     layout_long_grid, david_vaults_4, uniq_rupert, uniq_lodul
D:14:     layout_irregular_city, uniq_louise
D:15:     grunt_enter_depths_magical_seal, layout_cave_pods,
          nicolae_qazlal_general_emergency, minmay_shop_grid_forest,
          uniq_roxanne
Temple:   hellmonk_temple_divided_pantheon
Lair:1:   layout_hall_layers, gammafunk_ghost_cemetery,
          portal_ice_cave_entry_ice_simulacra, grunt_forest_large_clearing_hut,
          serial_bayou_shore_b, uniq_grum
Lair:2:   layout_long_grid
Lair:3:   layout_cave_pods, minmay_shoals_entry_hut,
          hellmonk_spider_entry_life_and_decay, serial_bayou_pond_d,
          infiniplex_staircase_pool_2
Lair:4:   layout_misc_corridors, uniq_urug
Lair:5:   evilmike_catoblepas_cave, layout_long_grid,
          nicolae_slime_entry_slimehenge, hangedman_lair_unloving_vines,
          chequers_serial_rivers_micro_e, nicolae_lair_lindhole, uniq_snorg
Orc:1:    layout_caves, hellmonk_guarded_unrand_dark_maul
Orc:2:    grunt_orc_community_town_hall, layout_caves,
          grunt_orc_community_big_house_1, grunt_orc_community_big_house_2,
          grunt_orc_community_house_2, grunt_orc_community_house_3,
          grunt_orc_community_house_1, grunt_orc_community_house_1,
          grunt_orc_community_house_3, grunt_orc_community_house_2,
          nicolae_orc_flooded_monolith, uniq_nessos
Abyss:2:  base: Temple, spicy_abyss_helpful_harpoons,
          onia_ninara_dug_in_and_dangerous

Skill      XL: |  1  2  3  4  5  6  7  8  9 10 11 12 13 14 15 |
---------------+----------------------------------------------+-----
Armour         | 4 5 6 7 8 9 10 11 13 15 16 | 16.8
Fighting       | 4 5 6 7 8 10 12 14 15 16 | 16.5
Shields        | 4 5 7 8 9 11 13 15 | 15.4
Long Blades    | 4 5 6 7 9 11 12 14 15 16 17 | 17.9
Dodging        | 1 2 3 4 5 |  5.7
Stealth        | 1 2 3 4 |  4.2
Evocations     | 1 |  1.3
Invocations    | 1 2 3 |  3.8
Unarmed Combat | |  0.7

Action                   |  1- 3 |  4- 6 |  7- 9 | 10-12 | 13-15 || total
-------------------------+-------+-------+-------+-------+-------++-------
Melee: Long sword        |    92 |    83 |   315 |   238 |       ||   728
       Headbutt          |    10 |    14 |    77 |   169 |   356 ||   626
       Unarmed           |       |       |     4 |       |       ||     4
       Scimitar          |       |       |       |   531 |  1055 ||  1586
       Double sword      |       |       |       |       |   359 ||   359
Invok: Heroism           |       |       |     5 |    21 |    17 ||    43
Evoke: Wand              |       |       |    14 |       |       ||    14
  Use: Scroll            |     3 |     4 |    13 |     2 |     6 ||    28
       Potion            |       |     1 |     7 |     6 |     1 ||    15
 Stab: Paralysed         |       |       |    16 |       |       ||    16
       Confused          |       |       |     1 |       |       ||     1
Armor: Scale mail        |    39 |    24 |   136 |       |       ||   199
       Skin              |       |       |     1 |       |       ||     1
       Plate armour      |       |       |     6 |   321 |       ||   327
       Crystal plate arm |       |       |       |   175 |   445 ||   620
       Chain mail        |       |       |       |       |   290 ||   290
Dodge: Dodged            |    43 |    28 |   151 |   242 |   371 ||   835
Block: Buckler           |    19 |    17 |    94 |   194 |   245 ||   569
       Kite shield       |       |       |       |       |   703 ||   703
       Reflection        |       |       |       |       |    43 ||    43
